| TOP OF THE 1ST |
|
Colorado Springs Sky Sox batting - Pitching for Albuquerque Isotopes : RHP Junzo Yanagisawa
|
|
Pitching: RHP Junzo Yanagisawa
|
|
|
Batting: LHB Steve Gilliam
|
0-0: Called Strike 0-1: Ground out U3 (Groundball, 34, EV 103.8 MPH)
|
|
Batting: RHB Juan Figueroa
|
0-0: Ball 1-0: Called Strike 1-1: Ball 2-1: Ball 3-1: SINGLE (Flyball, 4MD, EV 92.5 MPH)
|
|
Batting: LHB Kyle Schaible
|
0-0: Ball 1-0: Ball Juan Figueroa steals 2nd base 2-0: Ball Juan Figueroa steals 3rd base 3-0: Called Strike 3-1: Base on Balls
|
|
Batting: LHB Michael Krott
|
0-0: Ball Passed Ball! Juan Figueroa scores Kyle Schaible to second 1-0: Called Strike 1-1: Ball 2-1: Ground out 1-3 (Groundball, 34S, EV 70.0 MPH) Kyle Schaible to third
|
|
Batting: RHB Kevin Tangeman
|
0-0: Ball 1-0: Ball 2-0: Called Strike 2-1: Reached on error, E5 (Groundball, 56, EV 86.9 MPH) Kyle Schaible scores
|
|
Batting: LHB Iehohs Inatho
|
0-0: Called Strike 0-1: Ball 1-1: Ball 2-1: Swinging Strike 2-2: SINGLE (Line Drive, 4MD, EV 99.4 MPH) Kevin Tangeman to third Runner from 3rd tries for Home, SAFE, throw by CF to home
|
|
Batting: RHB Ryan Rinaldi
|
0-0: Called Strike Iehohs Inatho steals 2nd, throwing error, E2 Iehohs Inatho to third 0-1: Called Strike 0-2: Strikes out swinging
|
| Top of the 1st over - 3 runs, 2 hits, 2 errors, 1 left on base; Colorado Springs 3 - Albuquerque 0 |
| BOTTOM OF THE 1ST |
|
Albuquerque Isotopes batting - Pitching for Colorado Springs Sky Sox : RHP Andrew Ferrell
|
|
Pitching: RHP Andrew Ferrell
|
|
|
Batting: RHB Sadataka Kuwahara
|
0-0: SINGLE (Groundball, 34D, EV 96.9 MPH)
|
|
Batting: RHB Logan Morgan
|
0-0: Called Strike 0-1: Swinging Strike 0-2: Foul Ball, location: 2F 0-2: Strikes out swinging
|
|
Batting: SHB Orlando Torres
|
0-0: Called Strike 0-1: Ball Sadataka Kuwahara steals 2nd, throwing error, E2 Sadataka Kuwahara to third 1-1: Ball 2-1: Ball 3-1: Base on Balls
|
|
Batting: RHB Adrian Rudkilde
|
0-0: Foul Ball, location: 2F 0-1: Ball 1-1: Called Strike 1-2: Ball 2-2: Ball 3-2: Base on Balls Orlando Torres to second
|
|
Batting: SHB D.J. Codd
|
0-0: Ball 1-0: Ball 2-0: Called Strike 2-1: Ball 3-1: Foul Ball, location: 2F 3-2: Strikes out swinging
|
|
Batting: RHB Ben Taylor
|
0-0: Called Strike 0-1: Ball 1-1: Called Strike 1-2: Ball 2-2: Foul Ball, location: 2F 2-2: Fly out, F7 (Flyball, 7S, EV 78.1 MPH)
|
| Bottom of the 1st over - 0 runs, 1 hit, 1 error, 3 left on base; Colorado Springs 3 - Albuquerque 0 |
| TOP OF THE 2ND |
|
Colorado Springs Sky Sox batting - Pitching for Albuquerque Isotopes : RHP Junzo Yanagisawa
|
|
Batting: SHB Chris Besselman
|
0-0: Ball 1-0: Ball 2-0: Called Strike 2-1: Called Strike 2-2: Strikes out swinging
|
|
Batting: LHB Luke Coulter
|
0-0: Ball 1-0: Foul Ball, location: 2F 1-1: Ball 2-1: Foul Ball, location: 2F 2-2: Fly out, F6 (Popup, 6, EV 71.9 MPH)
|
|
Batting: LHB Steve Gilliam
|
0-0: Swinging Strike 0-1: Ball 1-1: Foul Ball, location: 2F 1-2: SINGLE (Line Drive, 89M, EV 106.9 MPH)
|
|
Batting: RHB Juan Figueroa
|
0-0: Called Strike 0-1: Called Strike 0-2: Ball Steve Gilliam steals 2nd, throwing error, E2 Steve Gilliam to third 1-2: Ball 2-2: Foul Ball, location: 2F 2-2: Ball 3-2: Base on Balls
|
|
Batting: LHB Kyle Schaible
|
0-0: Ball 1-0: Called Strike 1-1: Ball 2-1: Foul Ball, location: 2F 2-2: Ball 3-2: Strikes out swinging
|
| Top of the 2nd over - 0 runs, 1 hit, 1 error, 2 left on base; Colorado Springs 3 - Albuquerque 0 |
| BOTTOM OF THE 2ND |
|
Albuquerque Isotopes batting - Pitching for Colorado Springs Sky Sox : RHP Andrew Ferrell
|
|
Batting: RHB Herb McIntyre
|
0-0: Foul Ball, location: 2F 0-1: Foul Ball, location: 2F 0-2: Foul Ball, location: 2F 0-2: Strikes out looking
|
|
Batting: RHB Hector Silva
|
0-0: Ball 1-0: Ball 2-0: Called Strike 2-1: Foul Ball, location: 2F 2-2: Foul Ball, location: 2F 2-2: Foul Ball, location: 2F 2-2: Strikes out swinging
|
|
Batting: RHB Jerry Sanchez
|
0-0: Called Strike 0-1: Ball 1-1: Fly out, F3 (Line Drive, 3, EV 68.8 MPH)
|
| Bottom of the 2nd over - 0 runs, 0 hits, 0 errors, 0 left on base; Colorado Springs 3 - Albuquerque 0 |
| TOP OF THE 3RD |
|
Colorado Springs Sky Sox batting - Pitching for Albuquerque Isotopes : RHP Junzo Yanagisawa
|
|
Batting: LHB Michael Krott
|
0-0: Called Strike 0-1: Ball 1-1: SINGLE (Line Drive, 7S, EV 92.5 MPH)
|
|
Batting: RHB Kevin Tangeman
|
0-0: Called Strike 0-1: Ball 1-1: Ball 2-1: Fly out, F7 (Flyball, 7, EV 90.0 MPH)
|
|
Batting: LHB Iehohs Inatho
|
0-0: Ball 1-0: Swinging Strike 1-1: Foul Ball, location: 2F 1-2: Strikes out looking
|
|
Batting: RHB Ryan Rinaldi
|
0-0: Called Strike Michael Krott is caught stealing 2nd base 2-4
|
| Top of the 3rd over - 0 runs, 1 hit, 0 errors, 0 left on base; Colorado Springs 3 - Albuquerque 0 |
| BOTTOM OF THE 3RD |
|
Albuquerque Isotopes batting - Pitching for Colorado Springs Sky Sox : RHP Andrew Ferrell
|
|
Batting: RHB Sadataka Kuwahara
|
0-0: Foul Ball, location: 2F 0-1: SINGLE (Groundball, 6MD, EV 98.1 MPH)
|
|
Batting: RHB Logan Morgan
|
0-0: Ball 1-0: SINGLE (Groundball, 34D, EV 94.4 MPH) Sadataka Kuwahara to second Runner from 2nd tries for 3rd, SAFE, throw by RF made to third
|
|
Batting: SHB Orlando Torres
|
0-0: Ball 1-0: Ball 2-0: Foul Ball, location: 2F 2-1: Foul Ball, location: 2F 2-2: Foul Ball, location: 2F 2-2: Ball 3-2: Foul Ball, location: 2F 3-2: Foul Ball, location: 2F 3-2: Foul Ball, location: 2F 3-2: SINGLE (Line Drive, 6MD, EV 100.6 MPH) Sadataka Kuwahara scores Logan Morgan to second
|
|
Batting: RHB Adrian Rudkilde
|
0-0: Ball 1-0: Swinging Strike 1-1: Swinging Strike 1-2: Strikes out swinging
|
|
Batting: SHB D.J. Codd
|
0-0: Foul Ball, location: 2F 0-1: Fielders Choice at 2nd, 3-6 (Groundball, 3, EV 106.9 MPH) Logan Morgan to third
|
|
Batting: RHB Ben Taylor
|
0-0: Ball 1-0: Foul Ball, location: 2F 1-1: Called Strike 1-2: Ball 2-2: Foul Ball, location: 2F 2-2: Foul Ball, location: 2F 2-2: Foul Ball, location: 2F 2-2: Ball 3-2: DOUBLE (Line Drive, 89D, EV 108.8 MPH) Logan Morgan scores D.J. Codd to third D.J. Codd scores
|
|
Batting: RHB Herb McIntyre
|
0-0: Ball 1-0: Foul Ball, location: 2F 1-1: Called Strike 1-2: DOUBLE (Line Drive, 78D, EV 115.0 MPH) Ben Taylor scores
|
|
Batting: RHB Hector Silva
|
0-0: Swinging Strike 0-1: Ball 1-1: Ball 2-1: Foul Ball, location: 2F 2-2: Strikes out swinging
|
| Bottom of the 3rd over - 4 runs, 5 hits, 0 errors, 1 left on base; Colorado Springs 3 - Albuquerque 4 |
| TOP OF THE 4TH |
|
Colorado Springs Sky Sox batting - Pitching for Albuquerque Isotopes : RHP Junzo Yanagisawa
|
|
Batting: RHB Ryan Rinaldi
|
0-0: Ball 1-0: Ball 2-0: Foul Ball, location: 2F 2-1: Swinging Strike 2-2: Ball 3-2: SINGLE (Line Drive, 4D, EV 98.1 MPH)
|
|
Batting: SHB Chris Besselman
|
0-0: Called Strike Ryan Rinaldi is caught stealing 2nd base 2-6 0-1: Called Strike 0-2: Ball 1-2: Fly out, F8 (Line Drive, 8LM, EV 91.2 MPH)
|
|
Batting: LHB Luke Coulter
|
0-0: Swinging Strike 0-1: Swinging Strike 0-2: Ground out 6-3 (Groundball, 6, EV 86.2 MPH)
|
| Top of the 4th over - 0 runs, 1 hit, 0 errors, 0 left on base; Colorado Springs 3 - Albuquerque 4 |
| BOTTOM OF THE 4TH |
|
Albuquerque Isotopes batting - Pitching for Colorado Springs Sky Sox : RHP Andrew Ferrell
|
|
Batting: RHB Jerry Sanchez
|
0-0: Foul Ball, location: 2F 0-1: Ball 1-1: Ball 2-1: Fly out, F4 (Flyball, 34D, EV 95.0 MPH)
|
|
Batting: RHB Sadataka Kuwahara
|
0-0: Ground out 3-1 (Groundball, 34, EV 100.0 MPH)
|
|
Batting: RHB Logan Morgan
|
0-0: Called Strike 0-1: Called Strike 0-2: Fly out, F5 (Line Drive, 5L, EV 72.5 MPH)
|
| Bottom of the 4th over - 0 runs, 0 hits, 0 errors, 0 left on base; Colorado Springs 3 - Albuquerque 4 |
| TOP OF THE 5TH |
|
Colorado Springs Sky Sox batting - Pitching for Albuquerque Isotopes : RHP Junzo Yanagisawa
|
|
Batting: LHB Steve Gilliam
|
0-0: Ball 1-0: Called Strike 1-1: Ground out 4-3 (Groundball, 34D, EV 81.2 MPH)
|
|
Batting: RHB Juan Figueroa
|
0-0: Ball 1-0: Called Strike 1-1: Ball 2-1: Foul Ball, location: 2F 2-2: Foul Ball, location: 2F 2-2: Strikes out swinging
|
|
Batting: LHB Kyle Schaible
|
0-0: Foul Ball, location: 2F 0-1: Swinging Strike 0-2: Ball 1-2: Ball 2-2: Foul Ball, location: 2F 2-2: Ball 3-2: DOUBLE (Flyball, 89D, EV 102.5 MPH)
|
|
Batting: LHB Michael Krott
|
0-0: Swinging Strike 0-1: Reached via error on a dropped throw from 1B, E1 (Groundball, 34, EV 83.8 MPH) Kyle Schaible to third
|
|
Pitching: RHP Sal Contreras
|
|
|
Batting: RHB Kevin Tangeman
|
0-0: Ball 1-0: Ball 2-0: Foul Ball, location: 2F 2-1: Ball 3-1: Called Strike 3-2: Base on Balls Michael Krott to second
|
|
Batting: LHB Iehohs Inatho
|
0-0: Called Strike 0-1: Ball 1-1: Ball 2-1: SINGLE (Groundball, 4M, EV 108.1 MPH) (infield hit) Kyle Schaible scores Michael Krott to third Kevin Tangeman to second
|
|
Batting: RHB Ryan Rinaldi
|
0-0: Ball 1-0: Foul Ball, location: 2F 1-1: Swinging Strike 1-2: Fielders Choice at 2nd, 6-4 (Groundball, 6, EV 101.9 MPH)
|
| Top of the 5th over - 1 run, 2 hits, 1 error, 3 left on base; Colorado Springs 4 - Albuquerque 4 |
| BOTTOM OF THE 5TH |
|
Albuquerque Isotopes batting - Pitching for Colorado Springs Sky Sox : RHP Andrew Ferrell
|
|
Batting: SHB Orlando Torres
|
0-0: Called Strike 0-1: Swinging Strike 0-2: Ball 1-2: Ball 2-2: DOUBLE (Line Drive, 89D, EV 98.8 MPH)
|
|
Pitching: LHP Kyle Mearkle
|
|
|
Batting: RHB Adrian Rudkilde
|
0-0: Called Strike 0-1: Ball 1-1: Foul Ball, location: 2F 1-2: Ball 2-2: Ball 3-2: Foul Ball, location: 2F 3-2: Base on Balls
|
|
Batting: SHB D.J. Codd
|
0-0: Hit by Pitch Orlando Torres to third Adrian Rudkilde to second
|
|
Batting: RHB Ben Taylor
|
0-0: Ball 1-0: Ball 2-0: Ball 3-0: Base on Balls Orlando Torres scores Adrian Rudkilde to third D.J. Codd to second
|
|
Batting: RHB Herb McIntyre
|
0-0: Called Strike 0-1: Swinging Strike 0-2: Ball 1-2: Ball 2-2: Foul Ball, location: 2F 2-2: SINGLE (Line Drive, 6MD, EV 104.4 MPH) Adrian Rudkilde scores D.J. Codd to third Ben Taylor to second
|
|
Batting: RHB Hector Silva
|
0-0: Called Strike 0-1: Foul Ball, location: 2F 0-2: Ball 1-2: DOUBLE (Flyball, 8RD, EV 74.4 MPH) D.J. Codd scores Ben Taylor scores Herb McIntyre to third
|
|
Pitching: RHP Zach Sommer
|
|
|
Batting: RHB Jerry Sanchez
|
0-0: Ball 1-0: Ball 2-0: Fly out, F8 (Flyball, 8RD, EV 101.2 MPH)
|
|
Batting: RHB Sadataka Kuwahara
|
0-0: Ball 1-0: Ball 2-0: Foul Ball, location: 2F 2-1: Foul Ball, location: 2F 2-2: Strikes out looking
|
|
Batting: RHB Logan Morgan
|
0-0: Swinging Strike 0-1: Called Strike 0-2: Ball 1-2: Strikes out swinging
|
| Bottom of the 5th over - 4 runs, 3 hits, 0 errors, 2 left on base; Colorado Springs 4 - Albuquerque 8 |
| TOP OF THE 6TH |
|
Colorado Springs Sky Sox batting - Pitching for Albuquerque Isotopes : RHP Sal Contreras
|
|
Batting: SHB Chris Besselman
|
0-0: Called Strike 0-1: Ball 1-1: Called Strike 1-2: Foul Ball, location: 2F 1-2: Foul Ball, location: 2F 1-2: Strikes out swinging
|
|
Batting: LHB Luke Coulter
|
0-0: SINGLE (Groundball, P, EV 86.2 MPH) (infield hit)
|
|
Batting: LHB Steve Gilliam
|
0-0: Ball 1-0: Ball 2-0: Ball 3-0: Called Strike 3-1: Base on Balls Luke Coulter to second
|
|
Batting: RHB Juan Figueroa
|
0-0: Ball 1-0: Fly out, F5 (Popup, 56, EV 80.6 MPH)
|
|
Batting: LHB Kyle Schaible
|
0-0: Called Strike 0-1: Foul Ball, location: 2F 0-2: Ball 1-2: Strikes out swinging
|
| Top of the 6th over - 0 runs, 1 hit, 0 errors, 2 left on base; Colorado Springs 4 - Albuquerque 8 |
| BOTTOM OF THE 6TH |
|
Albuquerque Isotopes batting - Pitching for Colorado Springs Sky Sox : RHP Zach Sommer
|
|
Batting: SHB Orlando Torres
|
0-0: Ground out U3 (Groundball, 3L, EV 83.1 MPH)
|
|
Batting: RHB Adrian Rudkilde
|
0-0: Swinging Strike 0-1: Called Strike 0-2: Ball 1-2: Foul Ball, location: 2F 1-2: Strikes out swinging
|
|
Batting: SHB D.J. Codd
|
0-0: Called Strike 0-1: Called Strike 0-2: Foul Ball, location: 2F 0-2: Ball 1-2: Strikes out looking
|
| Bottom of the 6th over - 0 runs, 0 hits, 0 errors, 0 left on base; Colorado Springs 4 - Albuquerque 8 |
| TOP OF THE 7TH |
|
Colorado Springs Sky Sox batting - Pitching for Albuquerque Isotopes : RHP Sal Contreras
|
|
Pitching: RHP Jason Decker
|
|
|
Batting: LHB Michael Krott
|
0-0: Foul Ball, location: 2F 0-1: DOUBLE (Line Drive, 9LD, EV 99.4 MPH)
|
|
Batting: RHB Kevin Tangeman
|
0-0: Called Strike 0-1: Ball 1-1: Foul Ball, location: 2F 1-2: Strikes out looking
|
|
Batting: LHB Iehohs Inatho
|
0-0: Called Strike 0-1: Ball 1-1: Swinging Strike 1-2: Ball 2-2: Ball 3-2: Foul Ball, location: 2F 3-2: Fly out, F9 (Flyball, 89M, EV 89.4 MPH)
|
|
Batting: RHB Ryan Rinaldi
|
0-0: Swinging Strike 0-1: Called Strike 0-2: Foul Ball, location: 2F 0-2: Ball 1-2: Strikes out swinging
|
| Top of the 7th over - 0 runs, 1 hit, 0 errors, 1 left on base; Colorado Springs 4 - Albuquerque 8 |
| BOTTOM OF THE 7TH |
|
Albuquerque Isotopes batting - Pitching for Colorado Springs Sky Sox : RHP Zach Sommer
|
|
Pitching: RHP Vas Karamyshev
|
|
|
Batting: RHB Ben Taylor
|
0-0: Ball 1-0: Called Strike 1-1: Foul Ball, location: 2F 1-2: Foul Ball, location: 2F 1-2: Ball 2-2: Ball 3-2: Strikes out swinging
|
|
Batting: RHB Herb McIntyre
|
0-0: Called Strike 0-1: Swinging Strike 0-2: Ball 1-2: Ball 2-2: Ball 3-2: Ground out 4-3 (Groundball, 4D, EV 96.9 MPH)
|
|
Batting: RHB Hector Silva
|
0-0: Fly out, F5 (Popup, 56S, EV 83.1 MPH)
|
| Bottom of the 7th over - 0 runs, 0 hits, 0 errors, 0 left on base; Colorado Springs 4 - Albuquerque 8 |
| TOP OF THE 8TH |
|
Colorado Springs Sky Sox batting - Pitching for Albuquerque Isotopes : RHP Jason Decker
|
|
Pitching: LHP Taek-hyun Kim
|
|
|
Batting: SHB Chris Besselman
|
0-0: Swinging Strike 0-1: Foul Ball, location: 2F 0-2: Ball 1-2: Foul Ball, location: 2F 1-2: Foul Ball, location: 2F 1-2: Foul Ball, location: 2F 1-2: Ball 2-2: Strikes out swinging
|
|
Batting: LHB Luke Coulter
|
0-0: Ball 1-0: Ball 2-0: Called Strike 2-1: Foul Ball, location: 2F 2-2: Foul Ball, location: 2F 2-2: Ball 3-2: Strikes out looking
|
|
Batting: LHB Steve Gilliam
|
0-0: Ball 1-0: Called Strike 1-1: Called Strike 1-2: Ball 2-2: Ball 3-2: Base on Balls
|
|
Batting: RHB Juan Figueroa
|
0-0: Called Strike 0-1: Foul Ball, location: 2F 0-2: Ball 1-2: Ball 2-2: Ball 3-2: Base on Balls Steve Gilliam to second
|
|
Batting: LHB Kyle Schaible
|
0-0: Foul Ball, location: 2F 0-1: SINGLE (Line Drive, 4MD, EV 100.0 MPH) Steve Gilliam to third Juan Figueroa to second Runner from 3rd tries for Home, SAFE, throw by CF to home
|
|
Batting: LHB Michael Krott
|
0-0: Ball 1-0: Fly out, F4 (Flyball, 4D, EV 83.8 MPH)
|
| Top of the 8th over - 1 run, 1 hit, 0 errors, 2 left on base; Colorado Springs 5 - Albuquerque 8 |
| BOTTOM OF THE 8TH |
|
Albuquerque Isotopes batting - Pitching for Colorado Springs Sky Sox : RHP Vas Karamyshev
|
|
Pitching: RHP Jim Micaletti
|
|
|
Batting: RHB Jerry Sanchez
|
0-0: Called Strike 0-1: Ball 1-1: Ball 2-1: Swinging Strike 2-2: Strikes out looking
|
|
Batting: RHB Sadataka Kuwahara
|
0-0: Foul Ball, location: 2F 0-1: Foul Ball, location: 2F 0-2: SINGLE (Line Drive, 7S, EV 99.4 MPH)
|
|
Batting: RHB Logan Morgan
|
0-0: Ball 1-0: Ball Wild Pitch! Sadataka Kuwahara to second 2-0: Called Strike 2-1: Foul Ball, location: 2F 2-2: Ball 3-2: SINGLE (Line Drive, 5D, EV 96.2 MPH) Sadataka Kuwahara to third
|
|
Batting: SHB Orlando Torres
|
0-0: Ball 1-0: Called Strike 1-1: Ball 2-1: Called Strike 2-2: Foul Ball, location: 2F 2-2: Foul Ball, location: 2F 2-2: Strikes out swinging
|
|
Pitching: RHP Davon Ware
|
|
|
Batting: RHB Adrian Rudkilde
|
0-0: Ball 1-0: Ball 2-0: Called Strike 2-1: Fielders Choice at 2nd, 6-4 (Groundball, 6, EV 88.1 MPH)
|
| Bottom of the 8th over - 0 runs, 2 hits, 0 errors, 2 left on base; Colorado Springs 5 - Albuquerque 8 |
| TOP OF THE 9TH |
|
Colorado Springs Sky Sox batting - Pitching for Albuquerque Isotopes : LHP Taek-hyun Kim
|
|
Pitching: RHP Ernie Schmutz
|
|
|
Batting: RHB Kevin Tangeman
|
0-0: Called Strike 0-1: Ball 1-1: Called Strike 1-2: Ball 2-2: Fly out, F5 (Popup, 5SF, EV 81.2 MPH)
|
|
Batting: LHB Iehohs Inatho
|
0-0: Called Strike 0-1: Ball 1-1: Ball 2-1: Ball 3-1: Base on Balls
|
|
Batting: RHB Ryan Rinaldi
|
0-0: Grounds into double play, 6-4-3 (Groundball, 6, EV 100.0 MPH)
|
| Top of the 9th over - 0 runs, 0 hits, 0 errors, 0 left on base; Colorado Springs 5 - Albuquerque 8 |
|